[Event "Titled Tuesday Blitz August 02 Late 2022"]
[White "Naroditsky, Daniel"]
[Black "Andreikin, Dmitry"]
[WhiteFideId "2026961"]
[BlackFideId "4158814"]
[WhiteElo "2608"]
[BlackElo "2736"]
[Result "1/2-1/2"]
[Round "06"]
[TimeControl "180+1"]
[Date "2022.08.02"]
[WhiteClock "0:00:07"]
[BlackClock "0:00:08"]

1. e4 c5 2. c3 d5 3. exd5 Qxd5 4. d4 Nf6 5. Nf3 e6 6. Na3 Qd8 7. Nc4 Be7 8. Bd3 O-O 9. O-O b6 10. dxc5 Bxc5 11. Qe2 Bb7 12. Bg5 Nbd7 13. Rad1 Qc7 14. Bh4 Rad8 15. Bg3 Qc6 16. Nd6 Bxd6 17. Bxd6 Rfe8 18. Bb5 Qc8 19. Ne5 a6 20. Nxd7 Nxd7 21. Ba4 b5 22. Bc2 Nf6 23. Be5 Qc6 24. f3 Qc5+ 25. Bd4 Qc4 26. Qxc4 bxc4 27. Ba4 Rf8 28. Be5 Bd5 29. Bc7 Ra8 30. Rd4 Ra7 31. Bd6 Rc8 32. Re1 Rb7 33. Re2 h6 34. Kf2 Nd7 35. Ba3 Nc5 36. Bc2 Nd3+ 37. Bxd3 cxd3 38. Rd2 Bxa2 39. R2xd3 Bd5 40. Rd2 g5 41. Rb4 Rxb4 42. Bxb4 Kg7 43. Rd1 Kg6 44. g3 h5 45. h4 gxh4 46. gxh4 f6 47. Rd4 Kf5 48. Bd6 Rc6 49. Bg3 Rb6 50. Rf4+ Kg6 51. Rb4 Rc6 52. Rd4 Rb6 53. Rb4 Rc6 54. Rd4 a5 55. Ra4 Rb6 56. b4 axb4 57. cxb4 Rc6 58. b5 Rc3 59. Bd6 Rxf3+ 60. Ke2 Rb3 61. Ra5 Rxb5 62. Ra7 e5 63. Be7 Rb2+ 64. Ke3 Rb3+ 65. Kf2 Rf3+ 66. Ke2 Rf4 67. Rd7 Bc4+ 68. Ke3 Kf5 69. Rd6 Kg6 70. Rc6 Bd5 71. Rd6 Bf3 72. Rb6 Bg4 73. Bd6 Kf5 74. Be7 Kg6 75. Bd6 Rf3+ 76. Kd2 Bf5 77. Bxe5 Be4 78. Ke2 Rf5 79. Bd4 Kf7 80. Ke3 Bd5 81. Rd6 Be6 82. Ra6 Rf1 83. Ra7+ Kg6 84. Ra6 Bd5 85. Rd6 Bg2 86. Ke2 Rf4 87. Ke3 Rf3+ 88. Ke2 Rf5 89. Ke3 Bh3 90. Ke4 Bg4 91. Ke3 Rf3+ 92. Kd2 Rf4 93. Ke3 Rf5 94. Ke4 Kf7 95. Ke3 Rf3+ 96. Kd2 Ke7 97. Bc5 Ke8 98. Bd4 Kf7 99. Be3 f5 100. Bg5 f4 101. Rf6+ Kg7 102. Rxf4 Rxf4 103. Bxf4 Kg6 104. Ke3 Kf5 105. Bg5 Ke5 1/2-1/2


[Site "https://www.chess.com"]

[Event "Titled Tuesday Blitz August 02 Late 2022"]
[White "Navarrete Mendez, Gonzalo Alberto"]
[Black "Lin, Dachey"]
[WhiteFideId "5106850"]
[BlackFideId "2029650"]
[WhiteElo "2261"]
[BlackElo "2313"]
[Result "0-1"]
[Round "06"]
[TimeControl "180+1"]
[Date "2022.08.02"]
[WhiteClock "0:00:04"]
[BlackClock "0:00:25"]

1. e4 g6 2. d4 Bg7 3. Nc3 d5 4. Nf3 c6 5. h3 dxe4 6. Nxe4 Nf6 7. Bd3 O-O 8. O-O Nbd7 9. c3 Nxe4 10. Bxe4 Nf6 11. Bc2 a5 12. Ne5 Be6 13. Re1 Qb6 14. Qf3 a4 15. a3 Bb3 16. Bd3 Rad8 17. Bg5 Bd5 18. Qe2 Rfe8 19. Nc4 Qc7 20. Ne5 Nd7 21. Bf4 Nxe5 22. Bxe5 Bxe5 23. Qxe5 Qxe5 24. Rxe5 f6 25. Re3 Bb3 26. Rae1 Kf7 27. f4 Rd7 28. Kf2 Red8 29. f5 c5 30. fxg6+ hxg6 31. Rg3 f5 32. Bb5 Rc7 33. dxc5 Rxc5 34. Rd3 Rdd5 35. Rxd5 Rxd5 36. Bf1 e5 37. Re2 Kf6 38. Ke3 Rd1 39. Rf2 g5 40. Be2 f4+ 41. Kf3 Rd2 42. Bb5 Bd5+ 43. Kg4 Rxf2 0-1


[Site "https://www.chess.com"]

[Event "Titled Tuesday Blitz August 02 Late 2022"]
[White "Nazaretyan, Tigran"]
[Black "Kamsky, Gata"]
[WhiteFideId "24162345"]
[BlackFideId "2000024"]
[WhiteElo "2179"]
[BlackElo "2645"]
[Result "0-1"]
[Round "06"]
[TimeControl "180+1"]
[Date "2022.08.02"]
[WhiteClock "0:00:09"]
[BlackClock "0:00:52"]

1. d4 f5 2. Nf3 Nf6 3. g3 g6 4. Bg2 Bg7 5. O-O O-O 6. c3 d6 7. Qb3+ e6 8. Ng5 d5 9. Nd2 Nc6 10. f3 h6 11. Nh3 e5 12. dxe5 Nxe5 13. Nf2 Kh7 14. Qc2 c6 15. b3 Qb6 16. Kh1 Re8 17. Bb2 Be6 18. Nd3 Nxd3 19. exd3 f4 20. g4 g5 21. d4+ Kh8 22. Rae1 Bg8 23. Ba3 Bh7 24. Qd1 Qa6 25. Qc1 Re3 26. Bd6 Rae8 27. Be5 Qxa2 28. Rxe3 fxe3 29. Nb1 Nd7 30. Qxe3 Nxe5 31. dxe5 Bxb1 32. f4 gxf4 33. Qxf4 Bg6 34. Re1 Qxb3 35. g5 Qxc3 36. Rc1 Qxe5 37. Qxe5 Rxe5 38. gxh6 Bxh6 39. Rf1 Kg7 40. h3 d4 41. Rg1 d3 42. h4 d2 43. Bf3 Re1 44. h5 Rxg1+ 45. Kxg1 Bc2 46. Bd1 Bxd1 0-1


[Site "https://www.chess.com"]

[Event "Titled Tuesday Blitz August 02 Late 2022"]
[White "Nazari, Arad"]
[Black "Poltorak, Sebastian"]
[WhiteFideId "12577324"]
[BlackFideId "1199498"]
[WhiteElo "2129"]
[BlackElo "2104"]
[Result "1-0"]
[Round "06"]
[TimeControl "180+1"]
[Date "2022.08.02"]
[WhiteClock "0:02:21"]
[BlackClock "0:02:12"]

1. d4 Nf6 2. c4 g6 3. Nc3 d5 4. cxd5 Nxd5 5. e4 Nxc3 6. bxc3 Bg7 7. Bc4 c5 8. Ne2 Nc6 9. Be3 O-O 10. O-O e6 11. Qd2 Qc7 12. Rac1 Rd8 13. h4 b6 14. h5 Ne5 15. Bb3 Bb7 16. f3 c4 17. Bc2 Nd7 18. h6 Bf6 19. Bg5 Rac8 20. Bxf6 Nxf6 21. Qg5 Qe7 22. Rfe1 b5 23. Rcd1 a5 24. Qxb5 Bc6 25. Qe5 Nd7 26. Qg7# 1-0


[Site "https://www.chess.com"]

[Event "Titled Tuesday Blitz August 02 Late 2022"]
[White "Ohanyan, Emin"]
[Black "Korchmar, Vasiliy"]
[WhiteFideId "13312022"]
[BlackFideId "24131750"]
[WhiteElo "1927"]
[BlackElo "2370"]
[Result "1-0"]
[Round "06"]
[TimeControl "180+1"]
[Date "2022.08.02"]
[WhiteClock "0:00:04"]
[BlackClock "0:00:03"]

1. d4 d5 2. c4 c6 3. Nc3 Nf6 4. Nf3 e6 5. Bg5 Be7 6. e3 O-O 7. Bd3 dxc4 8. Bxc4 b5 9. Bd3 Bb7 10. O-O Nbd7 11. Qc2 h6 12. Bh4 Rc8 13. Rfd1 c5 14. Bxb5 Bxf3 15. gxf3 cxd4 16. Rxd4 Nd5 17. Bxe7 Qxe7 18. Nxd5 Qg5+ 19. Rg4 Qxd5 20. Qb3 Qxf3 21. Rg3 Qb7 22. Bxd7 Qxd7 23. Rd1 Qe7 24. Qa4 Rfd8 25. Rxd8+ Rxd8 26. Qe4 Qf6 27. Qb7 Rd2 28. Qa8+ Kh7 29. Qe4+ g6 30. Rf3 Qg5+ 31. Kf1 Rd1+ 32. Ke2 Rd7 33. Qc6 Qd8 34. Qc2 Qa5 35. a3 Qh5 36. Qc6 Rd5 37. e4 Rb5 38. b4 Re5 39. Ke3 g5 40. Qb7 Kg7 41. Qc7 g4 42. Rxf7+ Qxf7 43. Qxe5+ Kg6 44. Qf4 1-0


[Site "https://www.chess.com"]

[Event "Titled Tuesday Blitz August 02 Late 2022"]
[White "Oparin, Grigoriy"]
[Black "Czarnota, Pawel"]
[WhiteFideId "24125890"]
[BlackFideId "1121219"]
[WhiteElo "2639"]
[BlackElo "2534"]
[Result "1-0"]
[Round "06"]
[TimeControl "180+1"]
[Date "2022.08.02"]
[WhiteClock "0:00:06"]
[BlackClock "0:00:19"]

1. d4 Nf6 2. c4 g6 3. Nf3 Bg7 4. g3 O-O 5. Bg2 d6 6. Nc3 Nc6 7. O-O Bg4 8. d5 Na5 9. Nd2 c5 10. Rb1 a6 11. b3 Rb8 12. a4 Bd7 13. Qc2 b5 14. cxb5 axb5 15. axb5 Bxb5 16. Nxb5 Rxb5 17. Nc4 Nd7 18. Bd2 Nxc4 19. bxc4 Rxb1 20. Rxb1 Qa8 21. Bh3 f5 22. e4 Ne5 23. exf5 gxf5 24. Bf4 Nf3+ 25. Kg2 Nd4 26. Qd3 Qa2 27. Rb7 Bf6 28. Bxf5 Nxf5 29. Qxf5 Bd4 30. Qe6+ Kh8 31. Qe1 Bf6 32. Qe4 Bd4 33. Be3 Rxf2+ 34. Bxf2 Qxf2+ 35. Kh3 Qf1+ 36. Kg4 Bf6 37. Qf4 h5+ 38. Kf5 Qd3+ 39. Ke6 Kg7 40. Qxf6+ Kg8 41. Qf7+ Kh8 42. Qf8+ Kh7 43. Rxe7+ Kg6 44. Rg7+ Kh6 45. Qh8+ 1-0


[Site "https://www.chess.com"]

[Event "Titled Tuesday Blitz August 02 Late 2022"]
[White "Paravyan, David"]
[Black "Nakamura, Hikaru"]
[WhiteFideId "4194985"]
[BlackFideId "2016192"]
[WhiteElo "2569"]
[BlackElo "2850"]
[Result "0-1"]
[Round "06"]
[TimeControl "180+1"]
[Date "2022.08.02"]
[WhiteClock "0:00:01"]
[BlackClock "0:00:04"]

1. e4 c6 2. d4 d5 3. e5 Bf5 4. h4 h5 5. Bd3 Bxd3 6. Qxd3 e6 7. Bg5 Qb6 8. Nd2 Qa6 9. Qf3 Nd7 10. Ne2 f6 11. exf6 gxf6 12. Be3 O-O-O 13. O-O Bd6 14. c4 Ne7 15. Nf4 e5 16. Ne6 Rdg8 17. cxd5 cxd5 18. Nb3 Rg4 19. dxe5 Nxe5 20. Qxf6 Rhg8 21. Bg5 Qe2 22. Nf4 Nf3+ 23. Kh1 Bxf4 24. Rac1+ Bxc1 25. Rxc1+ Rc4 26. gxf3 Nc6 27. Rg1 Re8 28. Kh2 Qe5+ 0-1


[Site "https://www.chess.com"]

[Event "Titled Tuesday Blitz August 02 Late 2022"]
[White "Perera Alfonso, Rene Humberto"]
[Black "Awatramani, Janak"]
[WhiteFideId "3514722"]
[BlackFideId "2608359"]
[WhiteElo "2313"]
[BlackElo "2757"]
[Result "0-1"]
[Round "06"]
[TimeControl "180+1"]
[Date "2022.08.02"]
[WhiteClock "0:00:25"]
[BlackClock "0:01:22"]

1. e4 e6 2. d4 b6 3. Nc3 Bb7 4. Nf3 Nf6 5. Bd3 d5 6. exd5 Nxd5 7. O-O Nxc3 8. bxc3 Nd7 9. Re1 Be7 10. Qe2 O-O 11. Bf4 Nf6 12. c4 Bxf3 13. Qxf3 Qxd4 14. Bxc7 Rac8 15. Be5 Qg4 16. Qxg4 Nxg4 17. Bg3 Rfd8 18. h3 Nf6 19. a4 Bb4 20. Reb1 a5 21. Rd1 Nd7 22. Bf1 f6 23. Rd3 Kf7 24. Rad1 Ke7 25. Rb1 Nc5 26. Rxd8 Rxd8 27. Bc7 Rd2 28. c3 Bxc3 29. Bxb6 Nxa4 30. Be3 Rb2 31. Ra1 Rb4 32. Rc1 e5 33. c5 Kd7 34. Bd3 Bd4 35. Bxd4 exd4 36. c6+ Kc7 37. Bxh7 Nc3 38. Rc2 a4 39. Bg8 a3 40. Kh2 Rb2 41. Rc1 a2 42. Bxa2 Rxa2 43. Kg3 Ne2+ 0-1


[Site "https://www.chess.com"]

[Event "Titled Tuesday Blitz August 02 Late 2022"]
[White "Riehle, Marco"]
[Black "Babazada, Khazar"]
[WhiteFideId "12904392"]
[BlackFideId "13413554"]
[WhiteElo "2462"]
[BlackElo "2409"]
[Result "0-1"]
[Round "06"]
[TimeControl "180+1"]
[Date "2022.08.02"]
[WhiteClock "0:00:22"]
[BlackClock "0:00:13"]

1. e4 Nf6 2. e5 Nd5 3. Nc3 Nb6 4. d4 d6 5. Nf3 g6 6. Bf4 Bg7 7. h4 h5 8. Qd2 O-O 9. O-O-O Bg4 10. Be2 Nc6 11. Rhe1 a5 12. Kb1 a4 13. a3 Ra5 14. Nb5 Bxf3 15. Bxf3 Rxb5 16. Qd3 Ra5 17. g4 dxe5 18. Bd2 Ra8 19. gxh5 Qxd4 20. Qf1 Qxh4 21. Qg2 Rad8 22. Rh1 Qf6 23. Be4 Nc4 24. Bg5 Qe6 25. hxg6 f5 26. Rxd8 Rxd8 27. Qh3 Nd4 28. Bd3 e4 29. Qh7+ Kf8 30. Bxc4 Qxc4 31. Bxe7+ Kxe7 32. Qxg7+ Kd6 33. c3 Rg8 34. Qxd4+ Qxd4 35. cxd4 Rxg6 36. Rh5 Ke6 37. d5+ Ke5 38. Rh7 f4 39. Rxc7 f3 40. Kc2 Kd4 41. Rf7 Rg2 42. d6 Rxf2+ 43. Kb1 Ke5 44. d7 Rd2 45. Kc1 Rd6 46. Kc2 Kd4 47. Kd2 e3+ 48. Ke1 Ke4 49. Re7+ Kd3 50. Rf7 f2+ 51. Kf1 Kd2 52. Re7 b5 53. Kg2 Ke2 54. Rf7 Rxd7 55. Rxd7 f1=Q+ 56. Kg3 Qf3+ 57. Kh4 Qf4+ 58. Kh3 Qf5+ 0-1


[Site "https://www.chess.com"]

[Event "Titled Tuesday Blitz August 02 Late 2022"]
[White "Rustemov, Alexander"]
[Black "Barp, Alberto"]
[WhiteFideId "4119002"]
[BlackFideId "872555"]
[WhiteElo "2760"]
[BlackElo "2229"]
[Result "1-0"]
[Round "06"]
[TimeControl "180+1"]
[Date "2022.08.02"]
[WhiteClock "0:01:13"]
[BlackClock "0:00:49"]

1. d4 d5 2. c4 e6 3. Nc3 c6 4. e3 Bd6 5. Qc2 f5 6. Bd3 Nf6 7. Nge2 O-O 8. f3 Na6 9. a3 Nc7 10. Bd2 b6 11. e4 Be7 12. O-O Ba6 13. cxd5 Bxd3 14. Qxd3 fxe4 15. fxe4 cxd5 16. e5 Nd7 17. Nf4 Qe8 18. Qh3 Bg5 19. Nce2 Rc8 20. Rf3 Nb8 21. Raf1 Nc6 22. Be3 h6 23. Qg4 Kh7 24. h4 Bxf4 25. Nxf4 Rd8 26. h5 Rd7 27. Ng6 Rxf3 28. Qxf3 Ne7 29. Nf8+ Kh8 30. Nxd7 Qxd7 31. Qf8+ Kh7 32. Rf7 1-0


[Site "https://www.chess.com"]

[Event "Titled Tuesday Blitz August 02 Late 2022"]
[White "Salem, A.R. Saleh"]
[Black "Alekseenko, Kirill"]
[WhiteFideId "9301348"]
[BlackFideId "4135539"]
[WhiteElo "2679"]
[BlackElo "2682"]
[Result "0-1"]
[Round "06"]
[TimeControl "180+1"]
[Date "2022.08.02"]
[WhiteClock "0:00:01"]
[BlackClock "0:00:11"]

1. Nf3 d5 2. g3 Nd7 3. d4 Nb6 4. Bg2 Bf5 5. Nc3 e6 6. Nh4 Nf6 7. Nxf5 exf5 8. Qd3 g6 9. a4 a5 10. O-O Be7 11. Bh6 Bf8 12. Bf4 Bd6 13. Bg5 Be7 14. f3 O-O 15. Bh6 Re8 16. e4 fxe4 17. fxe4 dxe4 18. Nxe4 Nxe4 19. Bxe4 c6 20. Rxf7 Kxf7 21. Rf1+ Bf6 22. Qb3+ Re6 23. c3 Nd7 24. Bg2 Qb6 25. Qc4 Re8 26. Bh3 Qa6 27. Qb3 c5 28. d5 Re1 29. d6+ c4 30. Qb5 Rxf1+ 31. Bxf1 Qxb5 32. axb5 Ne5 33. Bf4 Ke6 0-1


[Site "https://www.chess.com"]

[Event "Titled Tuesday Blitz August 02 Late 2022"]
[White "Sarana, Alexey"]
[Black "Holt, Conrad"]
[WhiteFideId "24133795"]
[BlackFideId "2034387"]
[WhiteElo "2666"]
[BlackElo "2586"]
[Result "1/2-1/2"]
[Round "06"]
[TimeControl "180+1"]
[Date "2022.08.02"]
[WhiteClock "0:00:09"]
[BlackClock "0:00:12"]

1. c4 c6 2. Nf3 d5 3. d4 Nf6 4. Nc3 dxc4 5. a4 Bf5 6. Ne5 Nbd7 7. Nxc4 Nb6 8. Ne5 a5 9. e3 g6 10. Bd3 Bxd3 11. Nxd3 Bg7 12. O-O O-O 13. Qc2 Nfd7 14. f4 Qb8 15. Bd2 Nc4 16. Ne4 Nxd2 17. Qxd2 Qc7 18. Rac1 Rad8 19. Rc2 Nb6 20. b3 Nd5 21. Kh1 Qb6 22. Rb1 Qa7 23. Ne5 Nb4 24. Rc4 Rd5 25. Qe1 Qa8 26. Qh4 Qc8 27. Re1 f6 28. Nf3 Qf5 29. Nc5 Qc8 30. e4 Rdd8 31. e5 b6 32. Ne4 Nd3 33. Re3 Nb4 34. h3 Nd5 35. Re1 fxe5 36. Neg5 h6 37. dxe5 Qd7 38. e6 Qe8 39. Nf7 Rxf7 40. exf7+ Qxf7 41. Ne5 Qf5 42. Nxc6 Rd7 43. Nxe7+ Nxe7 44. Rxe7 Rd1+ 45. Kh2 Bf6 46. Qxh6 Bxe7 47. Rc7 Qf6 48. Rc4 Rd8 49. Re4 Bd6 50. Kg3 Rf8 51. Kf3 Qc3+ 52. Kg4 Qf6 53. Kf3 Qf5 54. g3 Qf7 55. Qg5 Rc8 56. h4 Rc3+ 57. Kg2 Rc5 58. Qg4 Qf5 59. Qf3 Qd5 60. Re8+ Kf7 61. Re3 Rc2+ 62. Kh3 Qxf3 63. Rxf3 Rb2 64. Rd3 Bc5 65. Kg4 Rg2 66. Kg5 Be7+ 67. Kg4 Bf6 68. h5 gxh5+ 69. Kxh5 Rh2+ 70. Kg4 Rc2 71. Kf5 Rc5+ 72. Ke4 Ke6 73. g4 Be7 74. Rh3 Kf7 75. Rh7+ Kf8 76. Rh8+ Kg7 77. Rb8 Rc6 78. Rb7 Kf8 79. g5 Ke8 80. Kf5 Bd8 81. Kg4 Rc3 82. f5 Rxb3 83. f6 Rb1 84. Kf5 Rf1+ 85. Kg6 Kf8 86. Rb8 Ke8 87. f7+ Ke7 88. Rb7+ Ke6 89. Kg7 Bxg5 90. f8=Q Bh6+ 91. Kxh6 Rxf8 92. Rxb6+ Kd7 93. Rb5 Ra8 94. Kg5 Kc6 95. Kf5 Ra6 96. Ke4 Kc7 97. Kd4 Ra7 98. Kc5 Ra6 99. Kd5 Rd6+ 100. Ke5 Rh6 101. Kd4 Rh4+ 102. Kc3 Rxa4 103. Kb3 Ra1 104. Kb2 Ra4 105. Kb3 Ra1 106. Kb2 Kc6 107. Rh5 Ra4 108. Kb3 Rb4+ 109. Ka3 Kb6 110. Rh6+ Ka7 111. Rh7+ Ka6 112. Rh6+ Rb6 113. Rh5 Rb5 114. Rh6+ Rb6 115. Rh5 Rb5 116. Rh6+ Rb6 1/2-1/2


[Site "https://www.chess.com"]

[Event "Titled Tuesday Blitz August 02 Late 2022"]
[White "Shimanov, Aleksandr"]
[Black "Boros, Denes"]
[WhiteFideId "4198603"]
[BlackFideId "722340"]
[WhiteElo "2605"]
[BlackElo "2464"]
[Result "1-0"]
[Round "06"]
[TimeControl "180+1"]
[Date "2022.08.02"]
[WhiteClock "0:00:03"]
[BlackClock "0:00:09"]

1. e4 d6 2. d4 a6 3. c4 g6 4. Nc3 Bg7 5. Be3 Nd7 6. Be2 c5 7. Nf3 cxd4 8. Nxd4 Ngf6 9. O-O b6 10. f3 Bb7 11. Qd2 h5 12. Rac1 Rc8 13. Rfd1 h4 14. h3 Nh5 15. Bf1 Ng3 16. b3 Nc5 17. Nde2 Nxe2+ 18. Bxe2 a5 19. Nd5 Rb8 20. Rb1 Be5 21. a3 Bxd5 22. cxd5 Kf8 23. Bb5 Rh5 24. Bc6 b5 25. b4 Na4 26. Rdc1 axb4 27. axb4 Kg8 28. Rc2 Qf8 29. f4 Bf6 30. Rb3 Rh8 31. Qd3 Qg7 32. Bxb5 Nb6 33. Bc6 Kh7 34. Ra2 Rhd8 35. Ra7 Kg8 36. Rb7 Na8 37. Rxb8 Rxb8 38. b5 g5 39. fxg5 Bxg5 40. b6 Bxe3+ 41. Qxe3 Qa1+ 42. Kf2 Qf6+ 43. Kg1 Qa1+ 44. Kf2 Qf6+ 45. Ke2 Qe5 46. b7 Nc7 47. Rd3 Na6 48. Qd4 Qf4 49. Rf3 Qg5 50. Kf2 Nc5 51. Qe3 Qg7 52. Rf4 Kf8 53. Kg1 Nxb7 54. Rg4 Qa1+ 55. Kh2 Qe5+ 56. Qf4 Qxe4 57. Qxe4 Nc5 58. Qh7 e6 59. Qxh4 e5 60. Qf6 Ne4 61. Rxe4 Rb4 62. Rxb4 e4 63. Rb8# 1-0


[Site "https://www.chess.com"]

[Event "Titled Tuesday Blitz August 02 Late 2022"]
[White "Sjugirov, Sanan"]
[Black "Chiu, Isaac"]
[WhiteFideId "4189302"]
[BlackFideId "30900654"]
[WhiteElo "2609"]
[BlackElo "2181"]
[Result "1-0"]
[Round "06"]
[TimeControl "180+1"]
[Date "2022.08.02"]
[WhiteClock "0:02:05"]
[BlackClock "0:00:16"]

1. e4 e6 2. d4 d5 3. e5 c5 4. c3 Bd7 5. Nf3 Nc6 6. Be2 Qb6 7. O-O Nh6 8. Bxh6 gxh6 9. Nbd2 Be7 10. dxc5 Bxc5 11. Nb3 Be7 12. Qd2 a5 13. Nbd4 h5 14. a4 h4 15. h3 Rg8 16. Kh1 Nxd4 17. Nxd4 Rg6 18. f4 Rg3 19. Bb5 Bxb5 20. Nxb5 Rc8 21. f5 Kd7 22. fxe6+ fxe6 23. Rf7 Rcg8 24. Rf2 Bc5 25. Re2 Be3 26. Qc2 R8g7 27. Rf1 Bf4 28. Nd4 Be3 29. Nf3 Bc5 30. Nxh4 Be7 31. Nf3 Qc5 32. b3 Bd8 33. Qd2 Bb6 34. Nd4 Rxc3 35. Nxe6 Kxe6 36. Qh6+ Rg6 37. Qxh7 Rxh3+ 38. Qxh3+ Ke7 39. Qh7+ Kd8 40. Qxg6 Qe7 41. Qf6 1-0


[Site "https://www.chess.com"]

[Event "Titled Tuesday Blitz August 02 Late 2022"]
[White "Svane, Frederik"]
[Black "Hakobyan, Aram"]
[WhiteFideId "12923044"]
[BlackFideId "13306677"]
[WhiteElo "2459"]
[BlackElo "2557"]
[Result "1-0"]
[Round "06"]
[TimeControl "180+1"]
[Date "2022.08.02"]
[WhiteClock "0:00:09"]
[BlackClock "0:00:10"]

1. e4 c5 2. Nf3 d6 3. Nc3 Nf6 4. d4 cxd4 5. Nxd4 Bd7 6. Bg5 e6 7. Qd2 a6 8. O-O-O h6 9. Be3 Ng4 10. f4 Nxe3 11. Qxe3 Be7 12. g4 Nc6 13. Nf3 Rc8 14. h4 Qa5 15. Kb1 Bf6 16. e5 dxe5 17. Ne4 Be7 18. fxe5 Nb4 19. Nc3 Rxc3 20. Qxc3 Qxa2+ 21. Kc1 Nd5 22. Qb3 Qa1+ 23. Kd2 Qa5+ 24. Kc1 O-O 25. Kb1 Ba4 26. Rxd5 exd5 27. Qd3 Bb5 28. Qf5 Bc4 29. Bxc4 dxc4 30. Qd7 Qc5 31. g5 Rd8 32. Qxb7 c3 33. gxh6 cxb2 34. Rg1 g6 35. e6 Qa3 36. exf7+ Kf8 37. Qxb2 Qxb2+ 38. Kxb2 Kxf7 39. Ne5+ Ke6 40. Nxg6 Rb8+ 41. Kc1 Bc5 42. Rg3 Bd6 43. Rg5 Kf6 44. h7 Ba3+ 45. Kd1 Rd8+ 46. Ke2 Re8+ 47. Kd3 Rd8+ 48. Kc4 Bc1 49. Rd5 Rc8+ 50. Rc5 Bh6 51. Rxc8 Kxg6 52. h8=Q Kh5 53. Qg8 Kxh4 54. Qd5 Bg5 55. Rh8+ Kg4 56. Rg8 Kg3 57. Qxg5+ Kf2 58. Qg3+ Ke2 59. Re8+ Kd1 60. Re1+ Kd2 61. Qc3# 1-0


[Site "https://www.chess.com"]

[Event "Titled Tuesday Blitz August 02 Late 2022"]
[White "Szabo, Marcell"]
[Black "Vasquez Schroeder, Rodrigo"]
[WhiteFideId "2072033"]
[BlackFideId "3400042"]
[WhiteElo "1777"]
[BlackElo "2567"]
[Result "0-1"]
[Round "06"]
[TimeControl "180+1"]
[Date "2022.08.02"]
[WhiteClock "0:00:45"]
[BlackClock "0:01:35"]

1. e4 c5 2. Nf3 d6 3. Bb5+ Bd7 4. c4 a6 5. Bxd7+ Nxd7 6. Nc3 Rc8 7. d3 g6 8. O-O Bg7 9. h3 Ngf6 10. Be3 O-O 11. Qd2 Nb8 12. a4 Nc6 13. Nd5 Nd7 14. d4 e6 15. Nc3 Na5 16. Qd3 Nxc4 17. Qxc4 cxd4 18. Qxc8 Qxc8 19. Bxd4 Bxd4 20. Nxd4 Ne5 21. Rfd1 Rd8 22. Rac1 Qb8 23. f4 Nc6 24. Nf3 b5 25. axb5 axb5 26. Ne2 Qb6+ 27. Kh2 d5 28. exd5 Rxd5 29. Rxd5 exd5 30. Rd1 Qc5 31. Nc3 d4 32. Ne2 Qb4 33. Nexd4 Nxd4 34. Rxd4 Qxb2 35. Rd8+ Kg7 36. Ne5 Qf2 37. Nd3 Qd2 38. Rd7 b4 39. Kg3 b3 40. Ne5 Qe3+ 41. Kg4 h5+ 42. Kg5 Qg3+ 43. Ng4 hxg4 44. hxg4 Qc3 0-1


[Site "https://www.chess.com"]

[Event "Titled Tuesday Blitz August 02 Late 2022"]
[White "Tanenbaum, Zachary"]
[Black "Marczuk, Dominik"]
[WhiteFideId "2060850"]
[BlackFideId "1111264"]
[WhiteElo "2175"]
[BlackElo "1901"]
[Result "1-0"]
[Round "06"]
[TimeControl "180+1"]
[Date "2022.08.02"]
[WhiteClock "0:00:14"]
[BlackClock "0:00:03"]

1. e4 c5 2. Nf3 d6 3. d4 cxd4 4. Nxd4 Nf6 5. Nc3 a6 6. Be3 e5 7. Nb3 Be7 8. h3 Be6 9. f4 O-O 10. Qf3 exf4 11. Bxf4 Nc6 12. O-O-O Nd7 13. Qe3 Nce5 14. Kb1 Rc8 15. g4 Qb6 16. Qg3 Nc5 17. Nxc5 Qxc5 18. g5 b5 19. Rh2 Rfe8 20. h4 Ng6 21. Be3 Qc7 22. h5 Ne5 23. Bf4 Bf8 24. Nd5 Bxd5 25. exd5 Nc4 26. g6 h6 27. gxf7+ Qxf7 28. Bh3 Rc7 29. Be6 Rxe6 30. dxe6 Qxe6 31. Bc1 Rf7 32. b3 Ne5 33. Bb2 Be7 34. Re2 Bf6 35. Red2 Be7 36. Rd5 Rf3 37. Rxe5 Qf7 38. Rxe7 Rxg3 39. Rxf7 Kxf7 40. Rxd6 Rg1+ 41. Bc1 Rh1 42. Rxa6 Rxh5 43. Ra7+ Kf6 44. Bb2+ Kf5 45. Rf7+ Ke6 46. Rxg7 Rh1+ 47. Bc1 h5 48. Rg6+ Kf5 49. Rg5+ Ke4 50. Rxb5 h4 51. Rh5 h3 52. a4 Kf3 53. a5 Kg4 54. Rh8 Rf1 55. a6 Rf7 56. b4 Re7 57. b5 Re5 58. a7 Rxb5+ 59. Bb2 Ra5 60. a8=Q Rxa8 61. Rxa8 h2 62. Rh8 Kf3 1-0


[Site "https://www.chess.com"]

[Event "Titled Tuesday Blitz August 02 Late 2022"]
[White "Vrbljanac, Aleksandar"]
[Black "Wagner, Dennis"]
[WhiteFideId "932817"]
[BlackFideId "24650684"]
[WhiteElo "2309"]
[BlackElo "2355"]
[Result "0-1"]
[Round "06"]
[TimeControl "180+1"]
[Date "2022.08.02"]
[WhiteClock "0:00:03"]
[BlackClock "0:00:14"]

1. e4 e5 2. Nf3 Nc6 3. Bc4 Nf6 4. d3 Bc5 5. c3 O-O 6. O-O d5 7. exd5 Nxd5 8. a4 a5 9. Nbd2 Nb6 10. Bb5 f6 11. Re1 Na7 12. Ne4 Be7 13. Qb3+ Kh8 14. Be3 Nxb5 15. axb5 Qxd3 16. Bxb6 cxb6 17. Rad1 a4 18. Qxa4 Rxa4 19. Rxd3 f5 20. Ned2 e4 21. Rd4 Ra2 22. Nc4 exf3 23. gxf3 Bc5 24. Rd5 f4 25. Red1 Bh3 26. Rh5 Be6 27. Ne5 Kg8 28. Rd2 g6 29. Rh4 Be7 30. Rg4 Bxg4 31. fxg4 Rd8 32. Re2 Bf6 33. Nc4 f3 34. Re1 Rda8 35. Nxb6 Ra1 0-1


[Site "https://www.chess.com"]

[Event "Titled Tuesday Blitz August 02 Late 2022"]
[White "Wachinger, Nikolas"]
[Black "Sohier, Julien"]
[WhiteFideId "12962791"]
[BlackFideId "645346"]
[WhiteElo "2253"]
[BlackElo "2209"]
[Result "1-0"]
[Round "06"]
[TimeControl "180+1"]
[Date "2022.08.02"]
[WhiteClock "0:00:31"]
[BlackClock "0:00:19"]

1. d4 d5 2. Nf3 Nf6 3. Bf4 e6 4. Nbd2 c5 5. e3 Nc6 6. c3 Bd6 7. Bg3 O-O 8. Bd3 b6 9. e4 dxe4 10. Nxe4 Nxe4 11. Bxe4 Bb7 12. dxc5 Bxc5 13. Qe2 Qe7 14. b4 Bd6 15. Bxh7+ Kxh7 16. Qd3+ Kg8 17. Bxd6 Qd8 18. Rd1 Re8 19. O-O Ne7 20. c4 Nf5 21. c5 bxc5 22. bxc5 Bd5 23. a4 Nxd6 24. cxd6 Qxd6 25. Nd4 Rad8 26. Nb5 Qb6 27. Qd4 Qxd4 28. Rxd4 Bb3 29. Ra1 Rxd4 30. Nxd4 Bd5 31. Nb5 Re7 32. f3 a6 33. Nc3 Bc4 34. Rb1 Rc7 35. Rb8+ Kh7 36. Ne4 Bd5 37. Ng5+ Kg6 38. h4 f6 39. Nh3 e5 40. Rb6 Rc6 41. Rb4 a5 42. Rb5 Bb3 43. Rxb3 1-0


[Site "https://www.chess.com"]

[Event "Titled Tuesday Blitz August 02 Late 2022"]
[White "Weisz, Bryan"]
[Black "Jaferian, Koosha"]
[WhiteFideId "30934133"]
[BlackFideId "12507440"]
[WhiteElo "2229"]
[BlackElo "2030"]
[Result "1-0"]
[Round "06"]
[TimeControl "180+1"]
[Date "2022.08.02"]
[WhiteClock "0:00:08"]
[BlackClock "0:00:12"]

1. e4 c6 2. d4 d5 3. Nc3 dxe4 4. Nxe4 Bf5 5. Nc5 b6 6. Nb3 e6 7. Nf3 Nd7 8. g3 Bd6 9. Bg2 Rc8 10. O-O Ne7 11. c4 O-O 12. Qe2 c5 13. Rd1 Qc7 14. dxc5 bxc5 15. Nh4 Nf6 16. Bg5 Bg6 17. Bxf6 gxf6 18. Qf3 Kg7 19. Nxg6 hxg6 20. Qb7 Be5 21. Rd7 Qxb7 22. Bxb7 Rce8 23. Rb1 Nf5 24. Nxc5 Nd6 25. Ba6 Rb8 26. Nxe6+ Kh6 27. Nxf8 Rxf8 28. Rxa7 Nf5 29. Rd7 Ra8 30. Bb7 Rxa2 31. Rxf7 Bxb2 32. Be4 Nd6 33. Re7 Bd4 34. Rf1 Nxc4 35. Bd5 Ra4 36. Re4 Nd2 37. Rh4+ Kg7 38. Rd1 Ra1 39. Rxa1 Bxa1 40. Ra4 Be5 41. Kg2 Nb1 42. Ra7+ Kh6 43. f4 Nc3 44. fxe5 Nxd5 45. e6 Nb6 46. e7 Nc8 47. Rc7 Nxe7 48. Rxe7 Kg5 49. Re4 f5 50. h4+ Kf6 51. Ra4 Kg7 52. Kf3 Kh6 53. Kf4 Kh5 54. Ra8 Kh6 55. Rh8+ Kg7 56. Ra8 Kh6 57. Ra7 g5+ 58. hxg5+ Kg6 59. Ra6+ Kg7 60. Kxf5 Kf7 61. g6+ Kg8 62. Ra7 Kf8 63. Kf6 Ke8 64. g7 Kd8 1-0


[Site "https://www.chess.com"]